 Dungeon Crawl Stone Soup version 0.30.1-11-g7821555f0a (webtiles) character file.

Game seed: 6030338433451113564

4375 Dillybarz the Cleaver (level 10, -5/89 HPs)
             Began as a Minotaur Fighter on Nov 14, 2023.
             Was an Elder of Okawaru.
             Killed by nerve-wracking pain
             ... invoked by an orc priest
              (8 damage)
             ... on level 8 of the Dungeon on Nov 16, 2023.
             The game lasted 00:23:57 (7860 turns).

Dillybarz the Cleaver (Minotaur Fighter)            Turns: 7860, Time: 00:23:57

Health: -5/89      AC: 22    Str: 25    XL:     10   Next: 13%
Magic:  0/12       EV:  7    Int:  5    God:    Okawaru [****..]
Gold:   270        SH:  5    Dex: 10    Spells: 9/9 levels left

rFire   . . .        a - +1 war axe
rCold   . . .        c - +0 buckler
rNeg    . . .        b - +0 plate armour
rPois   .            q - +2 hat
rElec   .            u - +1 cloak
rCorr   .            f - +0 pair of gloves
SInv    .            x - +2 pair of boots
Will    .....        k - amulet of guardian spirit Stlth
                     (no ring)
HPRegen 0.34/turn    (no ring)
MPRegen 0.13/turn

%: guardian spirit
@: no status effects
A: horns 2, retaliatory headbutt
a: Renounce Religion, Heroism, Finesse


You were on level 8 of the Dungeon.
You worshipped Okawaru.
Okawaru was greatly pleased with you.
You visited 2 branches of the dungeon, and saw 9 of its levels.

You collected 270 gold pieces.

Inventory:

Hand Weapons
 a - a +1 war axe (weapon)
Missiles
 e - 4 boomerangs
 h - 58 stones
 j - 3 datura-tipped darts
 r - 17 poisoned darts
 D - 4 throwing nets
Armour
 b - a +0 plate armour (worn)
 c - a +0 buckler (worn)
 f - a +0 pair of gloves (worn)
 q - a +2 hat (worn)
 u - a +1 cloak (worn)
 x - a +2 pair of boots (worn)
Jewellery
 k - an amulet of guardian spirit (around neck)
Wands
 n - a wand of polymorph (10)
 t - a wand of roots (9)
 y - a wand of light (8)
Scrolls
 l - 2 scrolls of fog
 v - a scroll of blinking
 w - 6 scrolls of teleportation
 F - a scroll of fear
Potions
 d - 2 potions of might
 g - 2 potions of curing
 i - 2 potions of degeneration
 m - 5 potions of heal wounds
 o - a potion of magic
 p - a potion of attraction
 s - 2 potions of mutation
 z - 3 potions of invisibility {unknown}
 A - 2 potions of brilliance {unknown}
 B - a potion of cancellation {unknown}
 C - 2 potions of haste


   Skills:
 + Level 8.3 Fighting
 * Level 10.9 Axes
 + Level 0.2 Throwing
 + Level 8.3 Armour
 + Level 8.2 Shields
 + Level 4.6 Invocations


You had 9 spell levels left.
You didn't know any spells.
Your spell library contained the following spells:

 Spells                   Type           Power      Damage    Failure   Level
 Necrotise                Necr           0%         1d4       100%        1
 Sublimation of Blood     Necr           0%         N/A       100%        2
 Wereblood                Tmut           0%         N/A       100%        2
 Ignite Poison            Fire/Tmut/Pois 0%         N/A       100%        3
 Manifold Assault         Tloc           0%         N/A       100%        4
 Sticky Flame             Conj/Fire      0%         2d3       100%        4
 Dispersal                Tloc           0%         N/A       100%        6
 Disjunction              Tloc           0%         N/A       100%        8
 Ignition                 Fire           0%         3d3       100%        8
 Summon Hydra             Summ           Unusable   N/A       N/A         7

Dungeon Overview and Level Annotations

Branches:
Dungeon (8/15)             Temple (1/1) D:4
   Lair: D:8-11

Altars:
Ashenzari
Cheibriados
Dithmenos
Fedhas
Gozag
Kikubaaqudgha
Makhleb
Nemelex Xobeh
Okawaru
Qazlal
Ru
Sif Muna
Trog
Vehumet
Wu Jian
Yredelemnul
Zin
The Shining One

Shops:
D:2 [   D:6 [*

Annotations:
D:4 Wand of digging
D:5 1 runed translucent door, Jaukkuri's ghost, novice DEAr


Innate Abilities, Weirdness & Mutations

You have a pair of horns on your head.
You reflexively headbutt those who attack you in melee.


Message History

The puff of flame hits the electric eel!
You kill the electric eel!
Okawaru accepts your kill.
The now-empty wand crumbles to dust.
The electric eel is engulfed in a cloud of scalding steam.
The electric eel shoots out a bolt of lightning at you!
The bolt of electricity hits you!
The electric eel shoots out a bolt of lightning at you!
The bolt of electricity hits you.
The electric eel shoots out a bolt of lightning at you!
The bolt of electricity misses you.
You enter the shallow water.
Moving in this stuff is going to be slow.
The orc priest mumbles some strange prayers to Beogh against you.
Beogh smites you!
The electric eel shoots out a bolt of lightning at you!
The bolt of electricity hits you!
The electric eel shoots out a bolt of lightning at you!
The bolt of electricity hits you.
The orc priest splashes around in the water.
The electric eel shoots out a bolt of lightning at you!
The bolt of electricity hits you!
* * * LOW HITPOINT WARNING * * *
Your unstable footing causes you to fumble your attack.
The orc priest hits you but does no damage.
Your unstable footing causes you to fumble your attack.
The orc priest hits you with a +0 dagger.
* * * LOW HITPOINT WARNING * * *
The orc priest attacks as you move away!
The orc priest hits you with a +0 dagger.
* * * LOW HITPOINT WARNING * * *
The orc priest invokes the aid of Beogh against you.
Beogh smites you!
* * * LOW HITPOINT WARNING * * *
The electric eel shoots out a bolt of lightning at you!
The bolt of electricity hits you.
* * * LOW HITPOINT WARNING * * *
The orc priest mumbles some strange prayers to Beogh against you.
Pain shoots through your body!
You die...

≈≈≈≈≈≈≈≈≈≈~~~ ~~~
≈≈≈≈≈≈≈≈≈~~P~♣P~~♣
~≈~~≈≈≈≈≈S~~~~P~~~.
~~♣~≈~~≈P~~~~~~♣
~~~~♣~P~♣♣~♣
♣~♣~♣~♣♣So♣♣ ##.
♣~~~~~~...##....
##.............
##..@.........
#.......#....
#..?....#....
##########..#........
........##...........
#####.....#.........
##....##........
#########............
#....#.#..........>..


You could see an electric eel and an orc priest.

Vanquished Creatures
  A death yak (D:8)
  5 yaks (D:7)
  An acid dragon (D:8)
  A water moccasin (D:7)
  A black bear (D:6)
  2 orc warriors
  2 sky beasts (D:7)
  4 ogres
  A centaur (D:4)
  3 bullfrogs
  A gnoll sergeant (D:5)
  2 scorpions
  4 wights (D:6)
  5 killer bees (D:8)
  2 howler monkeys
  3 electric eels (D:8)
  5 hounds
  2 jellies
  8 orc priests
  Crazy Yiuf (D:2)
  Terence (D:2)
  Jessica (D:2)
  3 iguanas
  Natasha (twice) (D:4)
  7 orc wizards
  4 gnolls (D:5)
  5 adders
  A shadow imp (D:8)
  3 white imps (D:5)
  A dart slug (D:1)
  32 orcs
  4 ball pythons
  5 bats
  6 endoplasms
  2 giant cockroaches
  12 hobgoblins
  4 jackals (D:4)
  3 quokkas
  5 frilled lizards
  7 goblins
  5 kobolds
  8 rats
175 creatures vanquished.

Vanquished Creatures (others)
  An orc (D:6)
1 creature vanquished.

Grand Total: 176 creatures vanquished

Notes
Turn   | Place    | Note
-------+----------+-------------------------------------------
     0 | D:1      | Dillybarz the Minotaur Fighter began the quest for the Orb.
     0 | D:1      | Reached XP level 1. HP: 19/19 MP: 0/0
   166 | D:1      | Reached XP level 2. HP: 24/27 MP: 1/1
   208 | D:1      | Reached skill level 3 in Axes
   713 | D:2      | Reached XP level 3. HP: 33/33 MP: 2/2
   725 | D:2      | Noticed Jessica
   733 | D:2      | Killed Jessica
   941 | D:2      | Reached XP level 4. HP: 40/40 MP: 3/3
   958 | D:2      | Identified the +10 dagger "Impbane" {vamp, rC+}
   977 | D:2      | Found a runed translucent door.
   978 | D:2      | Noticed Crazy Yiuf
   984 | D:2      | Killed Crazy Yiuf
   985 | D:2      | Reached skill level 4 in Axes
  1278 | D:2      | Found Zixkirphi's Antique Armour Boutique.
  1398 | D:2      | Noticed Terence
  1404 | D:2      | Killed Terence
  1405 | D:2      | Reached XP level 5. HP: 34/47 MP: 2/4
  1564 | D:3      | Found a faded altar of an unknown god.
  1568 | D:3      | Got Plato's Volume of Unholy Magic
  1935 | D:3      | Found an ornate altar of the Wu Jian Council.
  2237 | D:3      | Found a broken altar of Ashenzari.
  2244 | D:3      | Found an opulent altar of Gozag.
  2307 | D:4      | Reached skill level 5 in Axes
  2381 | D:4      | Found a staircase to the Ecumenical Temple.
  2386 | D:4      | Reached XP level 6. HP: 55/55 MP: 3/5
  2397 | Temple   | Entered the Ecumenical Temple
  2424 | Temple   | Became a worshipper of Warmaster Okawaru
  2519 | D:4      | Reached skill level 5 in Armour
  2522 | D:4      | Reached skill level 5 in Fighting
  2603 | D:4      | Reached skill level 5 in Shields
  2605 | D:4      | Found a glowing silver altar of Zin.
  2796 | D:4      | Noticed Natasha
  2802 | D:4      | Killed Natasha
  2973 | D:4      | Noticed Natasha
  2979 | D:4      | Killed Natasha
  3063 | D:4      | Found a blossoming altar of Fedhas.
  3180 | D:5      | Entered Level 5 of the Dungeon
  3222 | D:5      | Found a runed translucent door.
  3224 | D:5      | Noticed Jaukkuri's ghost (novice DEAr)
  3242 | D:5      | Reached skill level 6 in Axes
  3263 | D:5      | Reached XP level 7. HP: 44/61 MP: 2/6
  3450 | D:5      | Reached * piety under Okawaru
  4007 | D:5      | Reached skill level 7 in Axes
  4656 | D:6      | Found Pag Fohi's Antique Armour Shoppe.
  4682 | D:6      | Reached XP level 8. HP: 34/70 MP: 2/7
  4685 | D:6      | Reached skill level 1 in Invocations
  4787 | D:6      | Reached ** piety under Okawaru
  4904 | D:6      | Reached skill level 8 in Axes
  5963 | D:6      | Found Ea-nāṣir's Fine Metal Goods.
  6234 | D:7      | Reached skill level 9 in Axes
  6234 | D:7      | Reached XP level 9. HP: 25/79 MP: 3/10
  6238 | D:6      | Reached *** piety under Okawaru
  6846 | D:7      | Reached skill level 10 in Axes
  7338 | D:8      | Noticed a death yak
  7339 | D:8      | Noticed a death yak
  7359 | D:8      | Reached **** piety under Okawaru
  7366 | D:8      | Noticed a death yak
  7371 | D:8      | Killed a death yak
  7372 | D:8      | Reached XP level 10. HP: 41/88 MP: 5/12
  7860 | D:8      | HP: 3/89 [electric eel/bolt of electricity (3)]
  7860 | D:8      | Killed from afar by an orc priest

Illustrated notes

Levels and vault maps discovered:
D:1:      amcnicky_arrival_double_pillar, layout_basic
D:2:      layout_basic, serial_shops, shop, uniq_terence,
          uniq_crazy_yiuf_cottage, uniq_jessica
D:3:      layout_basic, nicolae_wu_jian_immortal_techniques,
          amethyst_overflow_temple_binary, shapermc_ecumenical_altar_rom_forum
D:4:      layout_rooms, general_overflow_altar, zin_scriptorium,
          minmay_temple_entry_overgrown, kennysheep_generic_room_2, uniq_natasha
D:5:      layout_loops_corners, ebering_ghost_sewer_d
D:6:      layout_basic, serial_shops, nicolae_shop_overgrown_old_shop,
          interstate_on_off, nicolae_ea-nasir_strikes_again
D:7:      layout_cave_pools
D:8:      layout_cave_pools, dk_xom_monty_hall, dpeg_lair_monsters,
          serial_bayou_lake_a
Temple:   nicolae_temple_ecumenical_triangle

Skill      XL: |  1  2  3  4  5  6  7  8  9 |
---------------+----------------------------+-----
Axes           | 3 4 5 6 7 9 10 | 10.9
Fighting       | 4 5 6 7 8 |  8.3
Armour         | 4 5 6 7 8 |  8.3
Shields        | 4 5 6 7 8 |  8.2
Invocations    | 2 4 |  4.6
Throwing       | |  0.2

Action                     |  1- 3 |  4- 6 |  7- 9 | 10-12 || total
---------------------------+-------+-------+-------+-------++-------
  Melee: War axe           |    71 |   110 |   268 |    41 ||   490
         Headbutt          |     8 |    14 |    49 |     9 ||    80
 Invoke: Heroism           |       |       |     2 |     1 ||     3
  Evoke: Wand              |       |       |       |     6 ||     6
    Use: Scroll            |       |     8 |     9 |     1 ||    18
 Armour: Scale mail        |    38 |    60 |   106 |       ||   204
         Skin              |     1 |       |       |       ||     1
         Plate armour      |       |       |    68 |    29 ||    97
         Chain mail        |       |       |     2 |       ||     2
  Dodge: Dodged            |    32 |    47 |   144 |    18 ||   241
  Block: Buckler           |    16 |    22 |    71 |    18 ||   127
